 Dungeon Crawl Stone Soup version 0.29.1-12-g30fa7ad0bf (webtiles) character file.

Game seed: 58808421243790796

315 H0rd4k the Insei (level 6, -1/42 HPs)
             Began as an Octopode Artificer on Dec 12, 2022.
             Splashed by a jelly's acid (8 damage)
             ... in a sewer.
             The game lasted 00:02:28 (3705 turns).

H0rd4k the Insei (Octopode Artificer)               Turns: 3705, Time: 00:02:28

Health: -1/42      AC: -11   Str: 12    XL:     6   Next: 43%
Magic:  10/10      EV: 14    Int: 15    God:
Gold:   138        SH:  0    Dex: 18    Spells: 10/10 levels left

rFire   . . .      SeeInvis .     - Unarmed
rCold   . . .      Faith    .   (no shield)
rNeg    . . .      Spirit   .   (helmet restricted)
rPois   .          Reflect  .   (no amulet)
rElec   .          Harm     .   a - +6 ring of dexterity
rCorr   .          Rampage  .   (no ring)
Will    .....                   (no ring)
Stlth   ++++......              (no ring)
HPRegen 0.14/turn               (no ring)
MPRegen 0.12/turn               (no ring)
                                (no ring)
                                (no ring)

@: corroded
A: almost no armour, amphibious, 8 rings, camouflage 1, gelatinous body 1,
nimble swimmer 1, tentacles
a: no special abilities


You were in a sewer.
You visited 1 branch of the dungeon, and saw 3 of its levels.
You also visited: Sewer.

You collected 138 gold pieces.

Inventory:

Missiles
 j - 10 poisoned darts
Jewellery
 a - a +6 ring of dexterity (left tentacle)
Wands
 b - a wand of flame (14) (quivered)
 c - a wand of charming (12)
 d - a wand of iceblast (5)
Scrolls
 e - 6 scrolls of identify {unknown}
 f - 2 scrolls of teleportation {unknown}
 g - 2 scrolls of amnesia {unknown}
 i - a scroll of butterflies {unknown}
 k - 2 scrolls of noise {unknown}
 m - a scroll of magic mapping {unknown}
 o - 2 scrolls of enchant weapon {unknown}
 p - a scroll of immolation {unknown}
Potions
 h - 2 potions of curing {unknown}
 l - a potion of flight {unknown}
 n - a potion of invisibility {unknown}
 q - a potion of magic {unknown}
 r - a potion of brilliance {unknown}


   Skills:
 * Level 3.2 Fighting
 - Level 2.3 Dodging
 - Level 1.3 Stealth
 + Level 3.9 Unarmed Combat
 * Level 2.9 Spellcasting
 - Level 3.2 Evocations


You had 10 spell levels left.
You didn't know any spells.
Your spell library contained the following spells:

 Spells                   Type           Power      Damage    Failure   Level
 Portal Projectile        Hex/Tloc       4%         N/A       52%         3
 Tukima's Dance           Hex            2%         N/A       52%         3
 Blade Hands              Tmut           1%         N/A       99%         5
 Summon Forest            Summ/Tloc      1%         N/A       99%         5
 Eringya's Noxious Bog    Tmut/Pois      1%         N/A       100%        6
 Summon Hydra             Summ           1%         N/A       100%        7


Dungeon Overview and Level Annotations

Branches:
Dungeon (3/15)              Sewer (1/1)

Altars:
Yredelemnul


Innate Abilities, Weirdness & Mutations

You cannot wear most types of armour.
You are amphibious.
You can wear up to eight rings at the same time.
Your skin changes colour to match your surroundings (Stealth+).
Your rubbery body absorbs attacks. (AC +1, EV +1)
You are camouflaged when in or above water. (Stealth+)
You have tentacles for arms and can constrict up to eight enemies at once.


Message History

An endoplasm is nearby!
A rat comes into view.
A ball python comes into view.
A rat and 2 jellies come into view.
Found a black potion.
The jelly quivers.
The ball python hisses angrily.
The endoplasm freezes you.
You are frozen.
The jelly quivers.
You tentacle-slap the endoplasm.
You kill the endoplasm!
The jelly jiggles.
You tentacle-slap the rat.
You kill the rat!
The ball python barely misses you. The ball python grabs you.
The ball python constricts you.
You tentacle-slap the ball python.
You kill the ball python!
The jelly jiggles.
You tentacle-slap the jelly but do no damage.
Your tentacles burn!
The jelly closely misses you.
You tentacle-slap the jelly.
Your tentacles burn!
The jelly is moderately wounded.
The jelly hits you.
You are splashed with acid.
The jelly closely misses you.
There are monsters nearby!
There are monsters nearby!
The jelly attacks as you move away! The jelly hits you. The acid corrodes you!
You are splashed with acid!
The jelly barely misses you. The jelly attacks as you move away!
The jelly hits you. The acid corrodes you!
You are splashed with acid!
* * * LOW HITPOINT WARNING * * *
Aiming: Charm
Press: ? - help, Shift-Dir - straight line, f - jelly
Aim: a jelly (chance to affect: 66%)
The jelly is charmed.
The jelly hits you.
* * * LOW HITPOINT WARNING * * *
The acid corrodes you!
You are splashed with acid!
You die...

~~..### ~~.~.~~
~~.~.## #.~~##
#~~.# ##†~## #~r~##
.∩ #~JJ)# ##
~..###@~.#
###~.##.##~.##~~..#
.~...#...#.~##..~##
...~##.~.~.##.~##
#...##.~.##.~~#
#~~.#~~...~~##
#~.~~..~~.##
##..~.†..###
##~...†.###


You could see a jelly, a rat and a friendly jelly (charmed).

Vanquished Creatures
  Sigmund (D:3)
  A jelly (Sewer)
  An adder (D:2)
  A gnoll (D:1)
  A river rat (Sewer)
  2 worms (D:3)
  A dart slug (D:2)
  3 bats (D:1)
  11 endoplasms
  4 giant cockroaches
  4 goblins
  6 hobgoblins
  13 jackals
  5 kobolds
  2 quokkas
  10 ball pythons
  3 frilled lizards
  12 rats
81 creatures vanquished.

Vanquished Creatures (collateral kills)
  A rat (D:1)
1 creature vanquished.

Vanquished Creatures (others)
  2 jackals (D:1)
  5 plants (D:2)
7 creatures vanquished.

Grand Total: 89 creatures vanquished

Notes
Turn   | Place    | Note
-------+----------+-------------------------------------------
     0 | D:1      | H0rd4k the Octopode Artificer began the quest for the Orb.
     0 | D:1      | Reached XP level 1. HP: 13/13 MP: 1/1
   141 | D:1      | Reached XP level 2. HP: 3/18 MP: 1/3
   433 | D:1      | Reached skill level 1 in Spellcasting
   827 | D:1      | Reached XP level 3. HP: 19/24 MP: 3/5
  1117 | D:1      | Found a faded altar of an unknown god.
  1598 | D:1      | Reached skill level 1 in Unarmed Combat
  1770 | D:2      | Reached XP level 4. HP: 20/30 MP: 6/6
  3100 | D:3      | Noticed Sigmund
  3107 | D:3      | Killed Sigmund
  3108 | D:3      | Reached XP level 5. HP: 27/36 MP: 7/9
  3108 | D:3      | Reached XP level 6. HP: 31/42 MP: 7/10
  3204 | D:3      | Found a basalt altar of Yredelemnul.
  3231 | D:3      | Found a glowing drain.
  3264 | Sewer    | Entered a sewer
  3705 | Sewer    | Splashed by a jelly's acid

Illustrated notes

Levels and vault maps discovered:
D:1:      ebering_trefoil_3fold, layout_loops_ring,
          hellmonk_ecumenical_altar_prayer_group, dk_noncrumbling_3,
          minmay_strange_pillars
D:2:      minmay_inner_zag, layout_basic, serial_forest,
          infiniplex_forest_end_3, infiniplex_forest_zigzag_1,
          infiniplex_forest_clump_medium, infiniplex_forest_zigzag_1,
          infiniplex_forest_split, infiniplex_forest_straight_2,
          infiniplex_forest_lined_3_way
D:3:      layout_loops_ring, mainiacjoe_overflow_alcove_1, lemuel_doored_altar,
          zin_scriptorium, portal_sewer_entry_c, kennysheep_pointless_box,
          saegor_snake_ambush, uniq_sigmund
Sewer:    sewer_hellmonk_slimy_pipes

Skill      XL: |  1  2  3  4 |
---------------+-------------+-----
Spellcasting   | 1 2 |  2.9
Fighting       | 2 3 |  3.2
Unarmed Combat | 1 3 |  3.9
Dodging        | |  2.3
Stealth        | |  1.3
Evocations     | |  3.2

Action                   |  1- 3 |  4- 6 || total
-------------------------+-------+-------++-------
Melee: Unarmed           |    91 |   103 ||   194
       Tentacles         |    23 |    30 ||    53
       Constrict         |    29 |    27 ||    56
       Punch             |     2 |     3 ||     5
Evoke: Wand              |     2 |     2 ||     4
 Stab: Sleeping          |     7 |    12 ||    19
Armor: Skin              |     7 |       ||     7
Dodge: Dodged            |    62 |    53 ||   115
